cohdb
Replays
Latest Replays
All Replays
Popular Replays
Top Player Replays
Match Explorer
How It Works
Community
CoH3 Stats
Reddit
Sign in to upload your games and track your stats! →
Sign in with Steam
Match 23220726
Unlisted
Match 23220726
Overview
Messages
Build Orders
End
Construct Section Command Post
Vickers Machine Gun Team
Infantry Section
Infantry Section
Vickers Machine Gun Team
Construct Platoon Command Post
CMP 15cwt Truck
Selects Air and Sea Battlegroup
Selects Commando Section Paradrop
6-pounder Anti-tank Gun Team
Commando Section Paradrop
Construct Company Command Post
Selects M1 Pack Howitzer Paradrop
Matilda II Heavy Tank
Crusader II Medium Tank
Selects Incendiary Bombing Run
Foot Guards Section
Grenade Package
Incendiary Bombing Run
Commando Section Paradrop
Unlock M3 Grant Medium Tanks
M3 Grant Medium Tank
Foot Guards Section
Foot Guards Section
Selects Supply Surplus
Selects Centaur Medium Tank
Armored Vehicle Training
M3 Grant Medium Tank
M3 Grant Medium Tank
M3 Grant Medium Tank
SneaKerz
abs59il
gb_gbg
davidadush
sas1919
Lirtoj
Choco_pie
rekt?
0
0
Comments
sign in to comment!
No comments posted yet!